 Dungeon Sprint DCSS version 0.30-a0-292-g0f741e3f8e (webtiles) character file.

Game seed: 6617744032125826425

138 Low2 the Ducker (level 5, -8/59 HPs)
             Began as an Ogre Gladiator on Oct 17, 2022.
             Mangled by a slime creature (21 damage)
             ... in the Dungeon (Sprint I: "Red Sonja").
             The game lasted 00:04:12 (322 turns).

Low2 the Ducker (Ogre Gladiator)                     Turns: 322, Time: 00:04:13

Health: -8/59      AC:  3    Str: 20    XL:     5   Next: 21%
Magic:  5/5        EV: 11    Int:  9    God:
Gold:   308        SH:  0    Dex: 10    Spells: 4/4 levels left

rFire   . . .      SeeInvis .    d - +0 scythe (vamp)
rCold   . . .      Faith    .    (shield currently unavailable)
rNeg    . . .      Spirit   .    b - +0 robe
rPois   .          Reflect  .    c - +0 hat
rElec   .          Harm     .    (no cloak)
rCorr   .          Rampage  .    (gloves unavailable)
Will    .....      NoTele   +    (boots unavailable)
Stlth   +.........               (no amulet)
HPRegen 0.29/turn                (no ring)
MPRegen 0.09/turn                (no ring)

@: no status effects
A: large, unfitting armour, tough skin 1
a: no special abilities


You were in the Dungeon.
You visited 1 branch You collected 308 gold pieces.

Inventory:

Hand Weapons
 a - a +0 quarterstaff
 d - a +0 vampiric scythe (weapon)
Missiles
 e - 3 stones (quivered)
 g - a large rock
Armour
 b - a +0 robe (worn)
 c - a +0 hat (worn)
Scrolls
 k - a scroll of blinking
Potions
 f - 2 potions of lignification {unknown}
 h - a potion of haste
 i - 2 potions of magic
 j - a potion of berserk rage


   Skills:
 + Level 5.8 Fighting
 + Level 6.0 Staves
 + Level 4.3 Throwing
 + Level 6.1 Dodging
 + Level 1.3 Stealth


You had 4 spell levels left.
You didn't know any spells.
Your spell library was empty.

Dungeon Overview and Level Annotations

Branches:
Dungeon (1/1)

Altars:
Makhleb
Sif Muna
Vehumet
Wu Jian
Xom
Jiyva
Lugonu


Innate Abilities, Weirdness & Mutations

You are too large for most types of armour.
You have tough skin. (AC +1)


Message History

You now have 200 gold pieces (gained 27).
You now have 227 gold pieces (gained 27).
You now have 254 gold pieces (gained 27).
You now have 281 gold pieces (gained 27).
You now have 308 gold pieces (gained 27).
There is an open door here.
There is a shimmering blue altar of Sif Muna here.
There is an open door here.
You open the door.
A slime creature comes into view.
Found four altars.
Throw: 5 stones
Press: ? - help, Q - select action, (/) - cycle Shift-Dir - straight line, f - slime creature
Aim: a slime creature (asleep, 98% to hit)
You throw a stone.
The stone hits the slime creature but does no damage.
The slime creature quivers.
Throw: 4 stones
Press: ? - help, Q - select action, (/) - cycle Shift-Dir - straight line, f/p - slime creature
Aim: a slime creature (82% to hit)
You throw a stone.
The stone hits the slime creature but does no damage.
Unknown command.
The slime creature hits you!
There is an open door, spattered with blood here.
You puncture the slime creature!
You feel better.
The slime creature is lightly wounded.
The slime creature hits you!! The slime creature closely misses you.
You barely miss the slime creature.
The slime creature is lightly wounded.
The slime creature hits you!!
* * * LOW HITPOINT WARNING * * *
You hit the slime creature.
The slime creature is lightly wounded.
The slime creature hits you.
* * * LOW HITPOINT WARNING * * *
You hit the slime creature but do no damage.
The slime creature is lightly wounded.
The slime creature hits you!!
You die...

###################
#<.#..)..#..'..#__#
#..)..#..[..#..@J.+
#..#####'#####'#__#
#..# #..#...#.####
#..# ####..##.#
#..# ##'#_.+ #⌠⌠#
+..._# #### #_.#'#
##+#.# ###


You could see a slime creature.

Vanquished Creatures
  An ogre (D)
  A jelly (D)
  Ijyb (D)
  A giant cockroach (D)
4 creatures vanquished.

Notes
Turn   | Place    | Note
-------+----------+-------------------------------------------
     0 | D        | Low2 the Ogre Gladiator began the quest for the Orb.
     0 | D        | Reached XP level 1. HP: 22/22 MP: 1/1
     2 | D        | Noticed Ijyb
   106 | D        | Killed Ijyb
   107 | D        | Reached XP level 2. HP: 25/32 MP: 2/2
   107 | D        | Reached XP level 3. HP: 31/39 MP: 3/3
   143 | D        | Noticed an ogre
   147 | D        | Killed an ogre
   148 | D        | Reached skill level 5 in Fighting
   148 | D        | Reached skill level 5 in Staves
   148 | D        | Reached skill level 5 in Dodging
   148 | D        | Reached skill level 1 in Stealth
   148 | D        | Reached XP level 4. HP: 33/50 MP: 4/4
   212 | D        | Noticed Sigmund
   222 | D        | Sigmund changed into Sigmund the howler monkey
   222 | D        | Noticed Sigmund
   223 | D        | Sigmund the howler monkey changed into Sigmund the giant
                  | cockroach
   223 | D        | Noticed Sigmund
   229 | D        | Killed Sigmund the giant cockroach
   270 | D        | Found an ornate altar of the Wu Jian Council.
   270 | D        | Found a shimmering blue altar of Sif Muna.
   272 | D        | Found a radiant altar of Vehumet.
   277 | D        | Reached XP level 5. HP: 59/59 MP: 5/5
   315 | D        | Found a burning altar of Makhleb.
   315 | D        | Found a viscous altar of Jiyva.
   315 | D        | Found a shimmering altar of Xom.
   315 | D        | Found a corrupted altar of Lugonu.
   315 | D        | Noticed a slime creature
   322 | D        | Mangled by a slime creature

Illustrated notes

Levels and vault maps discovered:
D:        dungeon_sprint_1 [red_sonja_temple_1, red_sonja_temple_small_1]

Skill      XL: |  1  2  3  4 |
---------------+-------------+-----
Fighting       | 4 5 |  5.8
Staves         | 4 5 6 |  6.0
Dodging        | 4 5 6 |  6.1
Throwing       | 3 4 |  4.3
Stealth        | 1 |  1.3

Action                   |  1- 3 |  4- 6 || total
-------------------------+-------+-------++-------
Melee: Quarterstaff      |    12 |     4 ||    16
       Unarmed           |     2 |       ||     2
       Halberd           |       |     6 ||     6
Throw: Throwing net      |     4 |     1 ||     5
       Large rock        |     2 |     3 ||     5
       Stone             |       |     2 ||     2
Evoke: Wand              |       |     2 ||     2
  Use: Potion            |     2 |       ||     2
 Stab: Held in net/web   |     2 |       ||     2
Armor: Skin              |     3 |       ||     3
       Robe              |       |     2 ||     2
Dodge: Dodged            |    31 |     6 ||    37

Table legend: (Time is in decaauts)
 A = Elapsed time spent in this place.
 B = Non-inter-level travel time spent in this place.
 C = Inter-level travel time spent in this place.
 D = Time resting spent in this place.
 E = Time spent auto-exploring this place.
 F = Levels seen in this place.
 G = Mean time per level.
                   A        B        C        D        E       F      G
               +--------+--------+--------+--------+--------+-----+--------+
         Total |    312 |    312 |      0 |     96 |      0 |   1 |  312.0 |
       Dungeon |    312 |    312 |      0 |     96 |      0 |   1 |  312.0 |
               +--------+--------+--------+--------+--------+-----+--------+

Top non-repeatable levels by time:
       D: 312 daAuts
